 Dungeon Crawl Stone Soup version 0.19.1-1-g22dce08 (webtiles) character file.

136 MovingMist the Covered (level 5, 0/32 HPs)
             Began as a Tengu Fighter on Jan 18, 2017.
             Slain by a gnoll
             ... wielding a +0 halberd
              (5 damage)
             ... on level 2 of the Dungeon.
             The game lasted 00:03:32 (1770 turns).

MovingMist the Covered (Tengu Fighter)              Turns: 1770, Time: 00:03:33

Health: 0/32       AC:  7    Str: 16    XL:     5   Next: 19%
Magic:  6/6        EV:  8    Int:  9    God:
Gold:   57         SH:  9    Dex: 14    Spells: 0 memorised, 4 levels left

rFire  . . .     SeeInvis .     a - +0 long sword
rCold  . . .     Gourm    .     b - +0 scale mail
rNeg   . . .     Faith    .     c - +0 shield
rPois  .         Spirit   .     (helmet restricted)
rElec  .         Reflect  .     (no cloak)
rCorr  .         Harm     .     (no gloves)
MR     .....                    (boots unavailable)
Stlth  ..........               (no amulet)
                                (no ring)
                                (no ring)

@: no status effects
A: beak, talons 3, able to fly 1
a: Fly


You were on level 2 of the Dungeon.
You were hungry.

You visited 1 branch of the dungeon, and saw 4 of its levels.

You collected 57 gold pieces.

Inventory:

Hand Weapons
 a - a +0 long sword (weapon)
Armour
 b - a +0 scale mail (worn)
 c - a +0 shield (worn)
Scrolls
 e - 2 scrolls of remove curse {unknown}
 h - a scroll of enchant weapon {unknown}
 m - a scroll of identify {unknown}
Potions
 d - a potion of might
 g - a potion of berserk rage {unknown}
 i - 2 potions of haste {unknown}
 j - a potion of agility {unknown}
 k - a potion of heal wounds {unknown}
Comestibles
 f - a bread ration
 l - a meat ration


   Skills:
 + Level 3.6 Fighting
 + Level 3.2 Long Blades
 + Level 4.2 Armour
 * Level 2.7 Dodging
 - Level 3.0 Shields


You had 4 spell levels left.
You didn't know any spells.

Dungeon Overview and Level Annotations

Branches:
Dungeon (4/15)
 Temple: D:4-7

Altars:


Innate Abilities, Weirdness & Mutations

You have a beak for a mouth.
You have claws for feet.
You can fly.


Message History

The gnoll hits you from afar with a halberd!
* * * LOW HITPOINT WARNING * * *
You slash the hound! You claw the hound.
The hound is almost dead.
The hound barely misses you. x2; You block the gnoll's attack.
You miss the hound. Your kick misses the hound.
The hound is almost dead.
The hound bites you but does no damage. The hound barely misses you.
You riposte.
You closely miss the hound.
The hound is almost dead.
The gnoll hits you but does no damage.
You hit the hound but do no damage. You claw the hound.
The hound is almost dead.
The hound completely misses you.
You riposte.
You hit the hound but do no damage. Your kick misses the hound.
The hound is almost dead.
The hound pauses to sniff the ground.
The hound barely misses you.
The gnoll hits you from afar with a halberd.
You die...

### #<# #.#
#.##### #.#...#
#.#@#.#
####'#h#.#
#....gh#.#
#......#.#
#......#.#
####+#.#.#
#######
#.#.#.####.....#
#.#.#....'.....#
#.#.######.....#


You could see 2 hounds and a gnoll.

Vanquished Creatures
  A howler monkey (D:4)
  A bullfrog skeleton (D:4)
  3 adders
  2 dart slugs (D:1)
  2 leopard geckos
  2 orcs (D:4)
  A ball python (D:3)
  3 bats
  3 giant cockroaches
  2 hobgoblins (D:1)
  7 jackals (D:1)
  A quokka (D:3)
  A frilled lizard (D:2)
  6 kobolds
  4 rats
39 creatures vanquished.

Notes
Turn   | Place    | Note
-------+----------+-------------------------------------------
     0 | D:1      | MovingMist the Tengu Fighter began the quest for the Orb.
     0 | D:1      | Reached XP level 1. HP: 14/14 MP: 2/2
    82 | D:1      | Reached XP level 2. HP: 14/19 MP: 3/3
   461 | D:1      | Reached skill level 1 in Dodging
   461 | D:1      | Reached XP level 3. HP: 19/23 MP: 4/4
  1093 | D:2      | You fall through a shaft for 2 floors!
  1120 | D:4      | Reached XP level 4. HP: 6/28 MP: 5/5
  1123 | D:4      | Reached skill level 4 in Armour
  1123 | D:4      | Gained mutation: You can fly. [Tengu growth]
  1123 | D:4      | Reached XP level 5. HP: 5/32 MP: 6/6
  1770 | D:2      | Slain by a gnoll

Skill      XL: |  1  2  3  4 |
---------------+-------------+-----
Dodging        | 1 2 |  2.7
Long Blades    | 3 |  3.2
Armour         | 4 |  4.2
Fighting       | |  3.6
Shields        | |  3.0

Action                   |  1- 3 |  4- 6 || total
-------------------------+-------+-------++-------
Melee: Long sword        |    83 |    30 ||   113
       Kick              |    16 |     8 ||    24
       Peck              |    12 |     5 ||    17
  Eat: Chunk             |     1 |     1 ||     2
Armor: Scale mail        |    46 |    14 ||    60
Dodge: Dodged            |    36 |    20 ||    56
Block: Shield            |    60 |    27 ||    87
       Rpst.: Long sword |    10 |     8 ||    18
